 Dungeon Crawl Stone Soup version 0.30-a0-1043-g60ff8d5f49 (webtiles) character file.

Game seed: 17444187275082237502

448 bande the Covered (level 7, 0/44 HPs)
             Began as a Gargoyle Fighter on Apr 10, 2023.
             Slain by a kobold brigand
             ... wielding a +2 whip of pain
              (1 damage)
             ... on level 5 of the Dungeon.
             The game lasted 00:06:10 (3850 turns).

bande the Covered (Gargoyle Fighter)                Turns: 3850, Time: 00:06:11

Health: 0/44       AC: 13    Str: 20    XL:     7   Next: 3%
Magic:  7/7        EV:  9    Int:  8    God:
Gold:   207        SH:  4    Dex: 11    Spells: 6/6 levels left

rFire   . . .      SeeInvis +    a - +0 war axe
rCold   . . .      Faith    .    c - +0 buckler
rNeg    + . .      Spirit   .    b - +0 scale mail
rPois   ∞          Reflect  .    (no helmet)
rElec   +          Rampage  .    h - +0 cloak
rCorr   +                        (no gloves)
Will    .....                    (no boots) Stlth
                                 (no amulet)
HPRegen 0.27/turn                g - ring of resist corrosion
MPRegen 0.10/turn                n - ring of see invisible

@: no status effects
A: sickness immunity, AC +4, negative energy resistance 1, electricity
resistance, torment resistance 1, petrification resistance
a: no special abilities


You were on level 5 of the Dungeon.
You visited 1 branch of the dungeon, and saw 5 of its levels.

You collected 207 gold pieces.

Inventory:

Hand Weapons
 a - a +0 war axe (weapon)
 o - a +0 flail
Armour
 b - a +0 scale mail (worn)
 c - a +0 buckler (worn)
 h - a +0 cloak (worn)
Jewellery
 g - a ring of resist corrosion (left hand)
 i - a ring of magical power
 n - a ring of see invisible (right hand)
 q - the amulet of Keloupig {Faith rF+ rC- Str+8 SInv}
   (You found it on level 3 of the Dungeon)

   [amulet of faith]

   It allows you to gain divine favour quickly.
   Str:       It affects your strength (+8).
   rF:        It protects you from fire.
   rC:        It makes you vulnerable to cold.
   SInv:      It lets you see invisible.
Wands
 k - a wand of light (11)
Scrolls
 l - 2 scrolls of teleportation
 r - a scroll of poison
Potions
 d - a potion of might
 e - 2 potions of curing
 f - 2 potions of brilliance
 j - a potion of mutation
 p - 2 potions of heal wounds


   Skills:
 + Level 4.4 Fighting
 + Level 4.5 Axes
 + Level 5.0 Armour
 - Level 1.0 Stealth
 + Level 4.3 Shields


You had 6 spell levels left.
You didn't know any spells.
Your spell library contained the following spells:

 Spells                   Type           Power      Damage    Failure   Level
 Shock                    Conj/Air       0%         1d3       83%         1
 Swiftness                Air            0%         N/A       99%         3
 Airstrike                Air            0%         2d(0-16)  100%        4


Dungeon Overview and Level Annotations

Branches:
Dungeon (5/15)
 Temple: D:4-7

Altars:
Fedhas
Makhleb
Wu Jian


Innate Abilities, Weirdness & Mutations

You are immune to sickness and miasma.
Your stone body is resilient. (AC +4)
You are immune to poison.
You resist negative energy. (rN+)
You are resistant to electric shocks. (rElec)
You are resistant to unholy torment.
You are immune to petrification.


Message History

The kobold hits you but does no damage.
You barely miss the kobold.
The kobold is severely wounded.
You hit the iguana but do no damage.
The iguana bites you but does no damage.
The kobold hits you but does no damage.
The iguana bites you but does no damage.
The kobold barely misses you.
A kobold brigand comes into view.
It is wielding a +2 whip of pain and quivering curare-tipped darts.
The kobold brigand shouts!
You hit the iguana but do no damage. You barely miss the kobold.
The kobold hits you with a +0 club. You block the iguana's attack.
You hit the iguana but do no damage. You closely miss the kobold.
The iguana bites you but does no damage.
The kobold hits you but does no damage.
Unknown command.
You barely miss the iguana. You barely miss the kobold.
The iguana closely misses you. The kobold hits you with a +0 club.
The iguana bites you!
Unknown command.
You barely miss the iguana. You barely miss the kobold brigand.
The iguana bites you but does no damage.
The kobold brigand hits you with a +2 whip of pain.
You writhe in agony.
You hit the iguana.
The iguana is lightly wounded.
You hit the kobold brigand but do no damage.
The iguana bites you!
* * * LOW HITPOINT WARNING * * *
You block the kobold brigand's attack.
Unknown command.
You slash the iguana!
The iguana is severely wounded.
You hit the kobold brigand. The iguana bites you!
* * * LOW HITPOINT WARNING * * *
The kobold brigand barely misses you. You block the iguana's attack.
The kobold brigand hits you with a +2 whip of pain.
* * * LOW HITPOINT WARNING * * *
You writhe in agony.
You die...

#.......
>.....
#.....
....$
...##
.K. #K#
###
#@#...
#l#.#
#...#
#<###
#.# #.#
#.# #..
..#


You could see a kobold brigand, an iguana and a kobold.

Vanquished Creatures
  A necrophage (D:4)
  A scorpion (D:4)
  2 hounds (D:4)
  An orc priest (D:4)
  An iguana (D:4)
  An orc wizard (D:4)
  A hound skeleton (D:4)
  9 gnolls
  An adder (D:3)
  2 worms
  2 dart slugs
  9 orcs
  7 bats
  6 endoplasms
  A giant cockroach (D:4)
  4 goblins
  5 hobgoblins
  2 jackals (D:1)
  2 quokkas
  6 ball pythons
  3 frilled lizards
  6 kobolds
  3 rats
76 creatures vanquished.

Notes
Turn   | Place    | Note
-------+----------+-------------------------------------------
     0 | D:1      | bande the Gargoyle Fighter began the quest for the Orb.
     0 | D:1      | Reached XP level 1. HP: 14/14 MP: 1/1
   166 | D:1      | Reached XP level 2. HP: 18/19 MP: 2/2
   481 | D:1      | Reached XP level 3. HP: 23/23 MP: 3/3
  1619 | D:2      | You fall into a shaft and drop 2 floors!
  1718 | D:4      | Reached XP level 4. HP: 19/29 MP: 4/4
  1722 | D:4      | Reached skill level 4 in Armour
  1729 | D:4      | Reached XP level 5. HP: 23/33 MP: 5/5
  1947 | D:3      | Identified the amulet of Keloupig {Faith rF+ rC- Str+8
                  | SInv}
  2669 | D:4      | Reached skill level 1 in Stealth
  2677 | D:4      | Reached XP level 6. HP: 15/38 MP: 6/6
  2969 | D:4      | Found a blossoming altar of Fedhas.
  3152 | D:4      | Found an ornate altar of the Wu Jian Council.
  3305 | D:4      | Found a burning altar of Makhleb.
  3396 | D:4      | Reached skill level 5 in Armour
  3451 | D:4      | Reached XP level 7. HP: 44/44 MP: 7/7
  3835 | D:5      | Entered Level 5 of the Dungeon
  3850 | D:5      | HP: 1/44 [kobold brigand/+2 whip of pain (5)]
  3850 | D:5      | Slain by a kobold brigand

Illustrated notes

Levels and vault maps discovered:
D:1:      roderic_crossed_star, layout_basic, patterned_corridor
D:2:      layout_basic, grunt_decor_fettered
D:3:      layout_basic
D:4:      layout_rooms, nzn_wu_jian_contemplation, fedhas_ov_isle_minmay,
          makhleb_blood_cavern_becter, serial_curves, eino_curves_02,
          eino_curves_01, minmay_misc_feat_pillars, kennysheep_generic_room_14
D:5:      layout_basic, minmay_fractal_squares_diagonal_5

Skill      XL: |  1  2  3  4  5  6 |
---------------+-------------------+-----
Axes           | 2 3 4 |  4.5
Shields        | 4 |  4.3
Armour         | 4 5 |  5.0
Stealth        | 1 |  1.0
Fighting       | 4 |  4.4

Action                     |  1- 3 |  4- 6 |  7- 9 || total
---------------------------+-------+-------+-------++-------
  Melee: War axe           |   111 |   117 |    31 ||   259
    Use: Scroll            |     2 |     6 |     3 ||    11
         Potion            |     1 |       |       ||     1
 Armour: Scale mail        |    79 |    86 |    17 ||   182
  Dodge: Dodged            |    80 |    66 |    12 ||   158
  Block: Buckler           |    21 |    27 |     9 ||    57

Table legend: (Time is in decaauts)
 A = Elapsed time spent in this place.
 B = Non-inter-level travel time spent in this place.
 C = Inter-level travel time spent in this place.
 D = Time resting spent in this place.
 E = Time spent auto-exploring this place.
 F = Levels seen in this place.
 G = Mean time per level.
                   A        B        C        D        E       F      G
               +--------+--------+--------+--------+--------+-----+--------+
         Total |   3947 |   3653 |    294 |    560 |   2316 |   5 |  789.4 |
       Dungeon |   3947 |   3653 |    294 |    560 |   2316 |   5 |  789.4 |
               +--------+--------+--------+--------+--------+-----+--------+

Top non-repeatable levels by time:
     D:4: 1255 daAuts
     D:2: 1166 daAuts
     D:1: 782 daAuts
     D:3: 725 daAuts
     D:5: 18 daAuts
